 Dungeon Crawl Stone Soup version bcrawl-1.40.2 (webtiles) character file.

Game seed: 17056003833206671703

5572055 Mehrunes the Warrior (level 19, -6/165 HPs)
             Began as a Mummy Berserker on Nov 19, 2023.
             Was a High Priest of Trog.
             Mangled by an ettin
             ... wielding a +0 great mace
              (33 damage)
             ... on level 1 of the Depths.
             The game lasted 02:03:52 (52140 turns).

Mehrunes the Warrior (Mummy Berserker)             Turns: 52140, Time: 02:03:52

Health: -6/165     AC: 36    Str: 25    XL:     19   Next: 24%
Magic:  20/20      EV:  6    Int:  9    God:    Trog [*****.]
Gold:   171        SH: 15    Dex: 19    Spells: 20/20 levels left

rFire    + + +     GDR:     38% a - +1 broad axe of the Slicing Coward {speed, rF+ rC+ Str-2}
rCold    + + .     SeeInvis .   i - +2 shield of Resistance {rF+ rC+ MR+}
rNeg     + + +     Gourm    .   R - +7 plate armour {rF+}
rPois    ∞         Faith    .   G - +2 helmet
rElec    .         Spirit   .   u - +2 cloak
rCorr    .         Reflect  .   H - +2 pair of gloves {Str+3}
MR       ++++.     Clarity  +   P - +2 pair of boots of Darkness {+Fly Int+2 Slay+2}
Stlth    ..........             s - amulet of regeneration
HPRegen  0.97/turn              r - ring of Moral Flaws {Fire Dex+4}
MPRegen  0.17/turn              h - ring of protection from magic

@: flying
A: no food or potions, fire vulnerability, clarity, cold resistance 1, negative
energy resistance 3, torment resistance, unbreathing, strong hexes 1
}: 1/15 runes: gossamer
a: Trog's Hand, Brothers in Arms, Renounce Religion, Stop Flying


You were on level 1 of the Depths.
You worshipped Trog.
Trog was extremely pleased with you.
You were not hungry.

You visited 7 branches of the dungeon, and saw 27 of its levels.
You also visited: Sewer, Gauntlet and Ice Cave.

You collected 3262 gold pieces.
You spent 3091 gold pieces at shops.

Inventory:

Hand Weapons
 a - the +1 broad axe of the Slicing Coward (weapon) {speed, rF+ rC+ Str-2}
   (You took it off a gnoll sergeant on level 8 of the Dungeon)

   Attacks with this weapon are significantly faster.
   It affects your strength (-2).
   It protects you from fire.
   It protects you from cold.
 b - a +6 fustibalus of velocity
 F - a +6 antimagic broad axe
 L - the +6 war axe of True Grit {flame, rC+}
   (You found it in a Gauntlet)

   It has been specially enchanted to surge with flame as it hits, increasing
   damage dealt by approximately one third against foes not resistant or
   susceptible to fire.
   Its heat also prevents any hydra heads it cuts off from regrowing.
   It protects you from cold.
 Q - a +3 hunting sling of flaming
Missiles
 l - 5774 stones
 t - 5 throwing nets {=f}
 x - 303 poisoned tomahawks (quivered)
 C - 1936 sling bullets
Armour
 g - a scarf of stasis
 i - the +2 shield of Resistance (worn) {rF+ rC+ MR+}
   (You took it off Donald on level 1 of the Vaults)

   It protects you from fire.
   It protects you from cold.
   It affects your resistance to hostile enchantments.
 u - a +2 cloak (worn)
 G - a +2 helmet (worn)
 H - a +2 pair of gloves of strength (worn)
 P - the +2 pair of boots of Darkness (worn) {+Fly Int+2 Slay+2}
   (You found it in a Gauntlet)

   It affects your intelligence (+2).
   It affects your accuracy and damage with ranged weapons and melee attacks
   (+2).
   It lets you fly.
 R - a +7 plate armour of fire resistance (worn)
Jewellery
 f - an uncursed amulet of the acrobat
 h - a ring of protection from magic (right hand)
 r - the ring of Moral Flaws (left hand) {Fire Dex+4}
   (You found it on level 4 of the Dungeon)

   [ring of fire]

   It enhances your fire magic.
   It affects your dexterity (+4).
   It protects you from fire.
   It makes you vulnerable to cold.
 s - an amulet of regeneration (around neck)
Wands
 c - a wand of paralysis (7)
 d - a wand of flame (69)
 e - a wand of polymorph (16)
 k - a wand of scattershot (3)
 v - a wand of random effects (6)
 y - a wand of charming (24)
 A - a wand of digging (28)
 B - a wand of iceblast (12)
 I - a wand of clouds (1)
 O - a wand of acid (14)
Scrolls
 j - 15 scrolls of remove curse
 n - 2 scrolls of vulnerability
 p - 3 scrolls of immolation
 w - 2 scrolls of fog
 z - 5 scrolls of teleportation
 S - a scroll of noise
Miscellaneous
 J - a sack of spiders


   Skills:
 + Level 18.6 Fighting
 - Level 18.0 Axes
 - Level 11.6 Slings
 * Level 11.8 Armour
 - Level 1.5 Dodging
 - Level 10.0 Shields
 - Level 1.0 Spellcasting


You had 20 spell levels left.
You didn't know any spells.
Your spell library was empty.

Dungeon Overview and Level Annotations

Branches:
Dungeon (12/12)            Temple (0/1) D:7            Lair (6/6) D:9
  Swamp (3/3) Lair:4       Spider (3/3) Lair:2        Slime (0/5) Orc
    Orc (1/1) D:8          Vaults (1/3) D:12         Forest (0/3) Lair:6
 Depths (1/5) D:12
  Crypt: Vaults:1-2

Altars:
Dithmenos
Gozag
Nemelex Xobeh
Wu Jian
Xom
Jiyva

Shops:
D:2 *   D:6 :(??*   D:10 [   D:11 =   D:12 %   Orc ((=?(   Vaults:1 [

Portals:
Hell: Depths:1

Annotations:
D:8 1 runed translucent door, 1 exclusion, Notanamesir's ghost, novice DsGl
Lair:1 exclusion: plant
Lair:4 exclusion: oklob plant
Lair:5 1 exclusion
Swamp:3 Lernaean hydra
Spider:2 3 runed translucent doors, Tacit's ghost, journeyman GrMo; kosoiffoigrumme1174's ghost, adept VSMo; kosoiffoigrumme1174's ghost, journeyman TrAc Orc 2 runed translucent doors, Lazarus1551's ghost, adept OnIE
Depths:1 3 runed translucent doors, Mehrunes's ghost, adept DjCj


Innate Abilities, Weirdness & Mutations

You do not eat or drink.
Your flesh is vulnerable to fire.
You are immune to poison.
You possess an exceptional clarity of mind.
Your flesh is cold resistant. (rC+)
You are immune to negative energy. (rN+++)
You are immune to unholy pain and torment.
You can survive without breathing.
Your hexes are more powerful.


Message History

Your skin stops crawling.
Throwing (i - inventory. (/) - cycle)
x - 304 poisoned tomahawks (quivered)
Press: ? - help, Shift-Dir - straight line, f - ettin
Aim: an ettin, wielding a +0 great mace and a +0 dire flail (moderately wounded)
You throw a poisoned tomahawk. The poisoned tomahawk hits the ettin.
The ettin is poisoned.
The ettin is heavily wounded.
You hit the ettin.
The ettin is heavily wounded.
The ettin hits you but does no damage.
The ettin hits you with a +0 dire flail!!
* * * LOW HITPOINT WARNING * * *
You barely miss the ettin.
The ettin is heavily wounded.
You hit the ettin but do no damage.
The ettin is heavily wounded.
The ettin hits you with a +0 great mace.
* * * LOW HITPOINT WARNING * * *
The ettin hits you with a +0 dire flail!!
You die...

#.#.#.# #...#.#
..% #####.## #.#
#...#..#########.#
#.#.##.....†...#.#
..#.##.#######.#.#
###.#....# #)#.#
.....≈.≈.# ###.#
>....≈.≈.# #.#@#
###≈≈≈.≈.#####.#C#
#≈≈≈.≈.......#.#
#≈≈≈.≈########.#
######### #≈≈≈.≈#
#.# .(#%#[.
#≈≈≈.≈# #### #.#
##??!:.##
#≈≈≈.≈###≈≈###.#
#..Z....
##≈≈.≈##≈≈≈≈##.#


##ZZZZZ## ##≈.≈#≈≈≈≈≈≈#.# #ZZLZWZZ# . You could see an ettin.

Vanquished Creatures
  A rockslime (Depths:1)
  2 sphinxes (Depths:1)
  Donald (Vaults:1)
  Kirke (Swamp:1)
  3 thorn hunters
  5 vault wardens (Vaults:1)
  A deep elf sorcerer (Vaults:1)
  2 emperor scorpions (Spider:3)
  3 ghost moths (Spider:3)
  A stone giant (Depths:1)
  A juggernaut zombie (Vaults:1)
  The ghost of Wachungys the Fighter, a journeyman NaMo of Vehumet (Lair:5)
  2 ironheart preservers (Vaults:1)
  3 very ugly things (Vaults:1)
  Nessos (Lair:6)
  A minotaur (Gauntlet)
  4 entropy weavers
  3 spark wasps
  A merfolk javelineer (Depths:1)
  3 ettins (Depths:1)
  25 hydras
  A yaktaur captain (Vaults:1)
  3 fire dragons
  Harold (D:10)
  An ice dragon (Vaults:1)
  A hell beast (Depths:1)
  A vault guard (D:12)
  Fannar (Lair:3)
  A ghost crab (Swamp:2)
  Psyche (D:8)
  6 ogre magi
  2 great orbs of eyes (Depths:1)
  27 two-headed ogres
  3 shambling mangroves
  5 catoblepae (Lair:6)
  2 deep troll shamans (Depths:1)
  6 alligators
  5 death yaks
  A tengu warrior (D:11)
  2 deep troll earth magi (Depths:1)
  A queen ant (Spider:1)
  An orc high priest (Orc)
  3 deep trolls (Depths:1)
  A shock serpent (shapeshifter) (Vaults:1)
  A deep elf knight (Vaults:1)
  5 centaur warriors
  3 iron trolls (Depths:1)
  Nergalle (D:10)
  A goliath frog (Swamp:2)
  4 hell knights (Depths:1)
  8 swamp dragons
  A spriggan druid (Swamp:3)
  2 deep elf archers (Vaults:1)
  A gelid demonspawn (IceCv)
  An unseen horror (shapeshifter) (Vaults:1)
  2 orange crystal statues
  6 wizards
  7 cyclopes
  2 ironheart convokers (Vaults:1)
  21 wolf spiders
  5 orc knights (Orc)
  12 wolf spider zombies
  2 harpies (Depths:1)
  A naga mage (D:12)
  4 necromancers
  6 ugly things (Vaults:1)
  9 orb spiders
  2 orc sorcerers
  A harpy (shapeshifter) (Depths:1)
  2 deep elf magi
  A shining eye (Gauntlet)
  9 manticores
  A moth of wrath (Spider:3)
  3 torpor snails
  6 elephants
  7 will-o'-wisps
  4 black mambas
  20 cane toads
  3 ice statues
  A cane toad (shapeshifter) (Vaults:1)
  22 jumping spiders
  4 vault sentinels (Vaults:1)
  11 demonic crawlers
  15 yaktaurs
  5 komodo dragons
  4 rime drakes
  A kobold demonologist (D:12)
  2 human skeletons (Vaults:1)
  9 ice devils
  2 tengu conjurers
  6 polar bears
  8 tyrant leeches
  A queen bee (Lair:1)
  3 trolls
  A bog body (Swamp:2)
  3 meliai (Gauntlet)
  14 hornets
  19 blink frogs
  14 hippogriffs
  7 saltlings (Orc)
  22 slime creatures
  9 tarantella zombies (Spider:1)
  2 harpy skeletons
  Grum (D:9)
  3 wyverns
  4 spriggans
  A shadow (D:12)
  24 tarantellas
  11 water elementals (Depths:1)
  2 wraiths
  61 yaks
  Eustachio (D:5)
  5 basilisks
  4 humans (D:7)
  A golden eye (Gauntlet)
  A hog (Swamp:1)
  34 redbacks
  9 vampire mosquitoes
  2 hungry ghosts
  3 wargs (Orc)
  11 water moccasins
  14 crocodiles
  15 swamp worms
  An acid dragon (D:10)
  2 hell hounds (Depths:1)
  A floating eye (Gauntlet)
  An ogre skeleton (Vaults:1)
  6 porcupines
  5 phantoms
  24 soldier ants
  14 swamp drakes
  Duvessa (D:5)
  A black bear (shapeshifter) (D:12)
  11 redback zombies (Spider:1)
  9 ice beasts
  5 sky beasts
  2 black bears (Lair:2)
  22 orc warriors
  A necrophage (D:12)
  9 wolves
  A hornet zombie (D:8)
  17 ogres
  A blink frog skeleton (D:10)
  12 boggarts
  4 kobold brigands
  6 bullfrogs
  3 gnoll sergeants (D:8)
  3 scorpions
  10 centaurs
  Dowan (D:5)
  A human simulacrum (Vaults:1)
  35 killer bees
  6 wights
  12 orc priests
  An electric eel (Lair:2)
  2 howler monkeys (D:9)
  A bullfrog zombie (D:6)
  12 crimson imps
  A quasit (D:10)
  7 hounds
  5 jellies
  2 bullfrog skeletons
  15 orc wizards
  6 iguanas
  4 gnoll shamans
  25 worker ants
  A worker ant zombie (D:5)
  Robin (D:1)
  19 adders
  21 gnolls
  2 river rats (Sewer)
  4 shadow imps
  25 white imps
  7 ufetubi (IceCv)
  An ooze (D:4)
  An adder skeleton (D:9)
  2 worms
  4 dart slugs
  9 leopard geckos
  58 orcs
  3 giant cockroaches
  12 goblins
  13 hobgoblins
  8 jackals
  11 kobolds
  4 quokkas
  7 ball pythons (Sewer)
  4 bats (D:1)
  3 frilled lizards
  A quokka skeleton (D:4)
  11 rats
  5 briar patches (Swamp:3)
  6 fungi
  3 pillars of salt (Orc)
  3 plants
1254 creatures vanquished.

Vanquished Creatures (collateral kills)
  Gastronok (D:10)
  Zenata (Vaults:1)
  Rupert (Lair:4)
  A wendigo (Swamp:3)
  A sphinx (Vaults:1)
  A manticore (D:10)
  A rime drake (Lair:4)
  A harpy skeleton (D:10)
  A wraith (D:10)
  A water moccasin (Lair:4)
  A bullfrog (D:10)
  A wyvern skeleton (D:10)
  A howler monkey (D:10)
13 creatures vanquished.

Vanquished Creatures (others)
  An orc sorcerer (D:12)
  A wolf spider (Spider:3)
  4 humans (Swamp:1)
  A boggart (Swamp:2)
  7 white imps (IceCv)
  2 ufetubi (IceCv)
  A briar patch (Swamp:3)
  A bush (Lair:4)
  15 fungi
  25 plants
58 creatures vanquished.

Grand Total: 1325 creatures vanquished

Notes
Turn   | Place    | Note
-------+----------+-------------------------------------------
     0 | D:1      | Mehrunes the Mummy Berserker began the quest for the Orb.
     0 | D:1      | Reached XP level 1. HP: 18/18 MP: 1/1
   176 | D:1      | Reached XP level 2. HP: 23/24 MP: 2/2
  1062 | D:2      | Found an opulent altar of Gozag.
  1071 | D:2      | Found Gozag's Platinum Reserve.
  1080 | D:2      | Reached XP level 3. HP: 29/29 MP: 3/3
  1108 | D:2      | Noticed Robin
  1776 | D:1      | Killed Robin
  1857 | D:2      | Reached ** piety under Trog
  1881 | D:2      | Reached XP level 4. HP: 32/37 MP: 4/4
  2016 | D:3      | Found a glowing drain.
  2046 | Sewer    | Entered a sewer
  2701 | D:3      | Reached *** piety under Trog
  2702 | D:3      | Reached XP level 5. HP: 40/42 MP: 5/5
  3593 | D:4      | Reached XP level 6. HP: 28/49 MP: 6/6
  3688 | D:4      | Got a crude iron ring
  3726 | D:4      | Reached skill level 5 in Axes
  4074 | D:4      | Identified the ring of Moral Flaws {Fire Dex+4} (You found
                  | it on level 4 of the Dungeon)
  4115 | D:4      | Reached skill level 5 in Fighting
  4255 | D:4      | Noticed an ice beast
  4283 | D:4      | Killed an ice beast
  4284 | D:4      | Reached XP level 7. HP: 52/56 MP: 7/7
  4475 | D:5      | Entered Level 5 of the Dungeon
  5249 | D:5      | Reached **** piety under Trog
  5392 | D:5      | Reached XP level 8. HP: 27/63 MP: 8/8
  5576 | D:5      | Noticed Duvessa
  5577 | D:5      | Noticed Dowan
  5601 | D:5      | Killed Dowan
  5608 | D:5      | Killed Duvessa
  5691 | D:5      | Noticed Eustachio
  6001 | D:5      | Killed Eustachio
  6359 | D:6      | Found Faenasom's Book Boutique.
  6389 | D:6      | Found Boanuz's Weapon Boutique.
  6540 | D:6      | Found Wyuzif's Magic Scroll Emporium.
  6612 | D:6      | Noticed a two-headed ogre
  6982 | D:6      | Reached XP level 9. HP: 58/72 MP: 9/9
  7296 | D:6      | Found Qiureargh's Assorted Antiques.
  7316 | D:6      | Found Kuatuce's Magic Scroll Shoppe.
  7372 | D:6      | Found a glowing silver altar of Zin.
  7372 | D:6      | Found an ornate altar of the Wu Jian Council.
  7394 | D:6      | Found a faded altar of an unknown god.
  7396 | D:6      | Found a blossoming altar of Fedhas.
  7397 | D:6      | Found a faded altar of an unknown god.
  7444 | D:7      | Noticed an ogre mage
  7622 | D:7      | Killed an ogre mage
  7899 | D:7      | Found a staircase to the Ecumenical Temple.
  7977 | D:7      | Reached skill level 10 in Axes
  8908 | D:7      | Reached XP level 10. HP: 44/82 MP: 10/10
  9278 | D:8      | Found a staircase to the Orcish Mines.
  9297 | D:8      | Reached ***** piety under Trog
  9779 | D:8      | Found a runed translucent door.
 10220 | D:8      | Identified the +1 broad axe of the Slicing Coward {speed,
                  | rF+ rC+ Str-2}
 10606 | D:8      | Noticed Psyche
 10888 | D:8      | Killed Psyche
 11078 | D:8      | Reached skill level 10 in Fighting
 11300 | D:8      | Found a shimmering altar of Xom.
 11300 | D:8      | Noticed Notanamesir's ghost (novice DsGl)
 11300 | D:8      | Noticed a +1 falchion of chaos
 11760 | D:9      | Noticed an elephant
 11761 | D:9      | Found a staircase to the Lair.
 11815 | D:7      | Killed an elephant
 12029 | D:8      | Found a runed translucent door.
 12029 | D:8      | Found a shimmering altar of Xom.
 12052 | D:8      | Found a staircase to the Orcish Mines.
 12695 | D:9      | Reached XP level 11. HP: 71/91 MP: 11/11
 12922 | D:9      | Noticed a two-headed ogre
 12946 | D:9      | Killed a two-headed ogre
 13203 | D:9      | Received a gift from Trog
 13997 | D:9      | Found a glowing golden altar of the Shining One.
 14016 | D:9      | Noticed Grum
 14162 | D:9      | Killed Grum
 14387 | Lair:1   | Entered Level 1 of the Lair of Beasts
 14476 | Lair:1   | Noticed a seven-headed hydra
 14506 | Lair:1   | HP: 3/92 [seven-headed hydra (8)]
 14508 | Lair:1   | Killed a seven-headed hydra
 14889 | Lair:1   | Noticed an eight-headed hydra
 16102 | Lair:2   | Noticed a seven-headed hydra
 16344 | D:10     | Entered Level 10 of the Dungeon
 16357 | D:9      | Reached XP level 12. HP: 64/100 MP: 12/12
 16435 | D:10     | Noticed Gastronok
 16885 | D:10     | Killed Gastronok
 17235 | D:10     | Found a shadowy altar of Dithmenos.
 17474 | D:10     | Found Ceghot's Armour Shoppe.
 17491 | D:10     | Noticed Nergalle
 17514 | D:10     | Killed Nergalle
 17599 | D:10     | Noticed Harold
 17631 | D:10     | Killed Harold
 17886 | D:10     | Received a gift from Trog
 17940 | D:10     | Noticed a two-headed ogre
 17966 | D:10     | Killed a two-headed ogre
 18564 | D:10     | Bought the +7 chain mail "Ruryjyib" {rC+ Int+4 Stlth+} for
                  | 886 gold pieces
 18693 | D:11     | Noticed a two-headed ogre
 18703 | D:11     | Killed a two-headed ogre
 18982 | D:11     | Found a frozen archway.
 19113 | IceCv    | Entered an ice cave
 19268 | IceCv    | Reached XP level 13. HP: 77/109 MP: 13/13
 19751 | IceCv    | Reached skill level 15 in Axes
 20312 | D:11     | Found Dacalies's Jewellery Boutique.
 21319 | Lair:1   | Received a gift from Trog
 21836 | Lair:2   | Found a hole to the Spider Nest.
 23125 | Lair:3   | Identified the ring of Limyas {Ice Int+3}
 23125 | Lair:3   | Noticed Fannar
 23136 | Lair:3   | Killed Fannar
 23964 | Lair:4   | Found a dark tunnel.
 24146 | Lair:4   | Noticed Rupert
 24156 | Lair:4   | Killed Rupert
 24770 | Lair:4   | Reached XP level 14. HP: 103/120 MP: 14/14
 25058 | Lair:4   | Received a gift from Trog
 25061 | Lair:4   | Got a scorched battleaxe {god gift}
 25473 | Lair:4   | Found a staircase to the Swamp.
 26460 | Lair:5   | Noticed Wachungys's ghost (journeyman NaMo)
 26461 | Lair:5   | Found a transporter.
 26485 | Lair:5   | Found a transporter.
 27240 | Lair:6   | Entered Level 6 of the Lair of Beasts
 27280 | Lair:6   | Found a sparkling altar of Nemelex Xobeh.
 27693 | Lair:6   | Found a staircase to the Spriggan Forest.
 27696 | Lair:6   | Noticed Nessos
 27707 | Lair:6   | Killed Nessos
 28441 | Lair:5   | Reached skill level 15 in Fighting
 28506 | Lair:6   | Received a gift from Trog
 29212 | Lair:6   | Got a twisted scimitar
 30378 | Lair:6   | Reached XP level 15. HP: 70/129 MP: 3/15
 30705 | Lair:6   | Found a staircase to the Spriggan Forest.
 30733 | Lair:6   | Found a sparkling altar of Nemelex Xobeh.
 31509 | D:6      | Bought a scroll of teleportation for 30 gold pieces
 31509 | D:6      | Bought a scroll of enchant armour for 75 gold pieces
 31572 | D:6      | Bought a scroll of teleportation for 33 gold pieces
 31572 | D:6      | Bought a scroll of enchant armour for 82 gold pieces
 31635 | Orc      | Entered the Orcish Mines
 31698 | Orc      | Found a large runed translucent door.
 31698 | Orc      | Found a large runed translucent door.
 31702 | Orc      | Noticed Lazarus1551's ghost (adept OnIE)
 31761 | Orc      | Found a gate leading to a gauntlet.
 31770 | Gauntlet | Entered a Gauntlet
 31770 | Gauntlet | Found a transporter.
 31770 | Gauntlet | Found a transporter.
 31800 | Gauntlet | Found a transporter.
 31804 | Gauntlet | Found a transporter.
 31814 | Gauntlet | Found a transporter.
 31818 | Gauntlet | Found a transporter.
 31828 | Gauntlet | Found a transporter.
 31849 | Gauntlet | Found a transporter.
 31866 | Gauntlet | Found a transporter.
 31870 | Gauntlet | Found a transporter.
 31880 | Gauntlet | Found a transporter.
 31884 | Gauntlet | Found a transporter.
 32216 | Gauntlet | Got a shimmering war axe
 32225 | Gauntlet | Identified the +6 war axe of True Grit {flame, rC+} (You
                  | found it in a Gauntlet)
 32361 | Gauntlet | Got a fine mace
 32373 | Gauntlet | Identified a +0 pair of boots of running (You found it in a
                  | Gauntlet)
 32493 | Gauntlet | Got a pair of encrusted boots
 32833 | Orc      | Found Ryadwump's Magic Scroll Shop.
 33054 | Orc      | Found a viscous altar of Jiyva.
 33055 | Orc      | Found a staircase to the Slime Pits.
 33270 | Orc      | Received a gift from Trog
 33467 | Orc      | Found Xisk's Jewellery Shop.
 33493 | Orc      | Reached skill level 1 in Shields
 33524 | Orc      | Found a roughly hewn altar of Beogh.
 33525 | Orc      | Found Gepihia's Weapon Shop.
 33554 | Orc      | Found Puacoani's Antique Weapon Emporium.
 33620 | Orc      | Found Ziacvakh's Weapon Boutique.
 33875 | Orc      | Bought a scroll of enchant armour for 105 gold pieces
 33885 | Orc      | Identified the +2 pair of boots of Darkness {+Fly Int+2
                  | Slay+2} (You found it in a Gauntlet)
 34140 | D:6      | Bought a manual of Slings for 1104 gold pieces
 34721 | Swamp:1  | Entered Level 1 of the Swamp
 34869 | Swamp:1  | Reached skill level 1 in Slings
 34870 | Swamp:1  | Noticed Kirke
 34878 | Swamp:1  | Noticed a thorn hunter
 34887 | Swamp:1  | Killed Kirke
 34939 | Swamp:1  | Killed a thorn hunter
 35604 | Swamp:1  | Received a gift from Trog
 37205 | Swamp:3  | Entered Level 3 of the Swamp
 37205 | Swamp:3  | Noticed a thorn hunter
 37327 | Swamp:3  | Killed a thorn hunter
 37701 | Swamp:3  | Reached XP level 16. HP: 84/136 MP: 4/16
 37702 | Swamp:3  | Reached skill level 5 in Armour
 37786 | Swamp:3  | Noticed a wendigo
 38138 | Swamp:3  | Killed a wendigo
 38314 | Swamp:3  | Reached skill level 5 in Shields
 38741 | Swamp:3  | Noticed a thorn hunter
 38768 | Swamp:3  | Killed a thorn hunter
 38769 | Swamp:3  | Reached skill level 5 in Slings
 39196 | Swamp:3  | Noticed the 27-headed Lernaean hydra
 39396 | Spider:1 | Entered Level 1 of the Spider Nest
 39420 | Spider:1 | Received a gift from Trog
 40719 | Lair:5   | Killed Wachungys's ghost
 41055 | Spider:1 | Reached ****** piety under Trog
 41059 | Spider:1 | Received a gift from Trog
 41826 | Spider:2 | Reached XP level 17. HP: 112/146 MP: 11/17
 43019 | Spider:2 | Found a runed translucent gate.
 43020 | Spider:2 | Found a runed translucent gate.
 43020 | Spider:2 | Found a runed translucent gate.
 43021 | Spider:2 | Noticed kosoiffoigrumme1174's ghost (journeyman TrAc)
 43022 | Spider:2 | Noticed kosoiffoigrumme1174's ghost (adept VSMo)
 43022 | Spider:2 | Noticed Tacit's ghost (journeyman GrMo)
 43395 | Spider:3 | Entered Level 3 of the Spider Nest
 43932 | D:12     | Entered Level 12 of the Dungeon
 44099 | D:12     | Found a gate to the Vaults.
 44142 | D:12     | Found Ryigin's Food Shoppe.
 44181 | D:12     | Received a gift from Trog
 44275 | D:12     | Reached skill level 1 in Spellcasting
 44392 | D:12     | Found a staircase to the Depths.
 45863 | D:11     | Bought an uncursed amulet of regeneration for 576 gold
                  | pieces
 46267 | Spider:3 | Got an ominously black robe
 46275 | Spider:3 | Identified the +3 robe of the Elephant {+Blink rCorr Int-3
                  | Slay+5} (You found it on level 3 of the Spider Nest)
 46446 | Spider:3 | Received a gift from Trog
 46943 | Spider:3 | Got a gossamer rune of Zot
 47643 | Vaults:1 | Entered Level 1 of the Vaults
 47738 | Vaults:1 | Received a gift from Trog
 47741 | Vaults:1 | Reached XP level 18. HP: 96/154 MP: 19/19
 48039 | Vaults:1 | Noticed Donald
 48063 | Vaults:1 | Killed Donald
 48122 | Vaults:1 | Reached skill level 10 in Armour
 48160 | Vaults:1 | Reached skill level 10 in Shields
 48185 | Vaults:1 | Reached skill level 10 in Slings
 48212 | Vaults:1 | Noticed Zenata
 48486 | D:6      | Bought a scroll of summoning for 100 gold pieces
 48486 | D:6      | Bought a scroll of summoning for 100 gold pieces
 48851 | Vaults:1 | Killed Zenata
 49416 | Vaults:1 | Received a gift from Trog
 49460 | Vaults:1 | Found Guseppigg's Armour Shop.
 50720 | Depths:1 | Entered Level 1 of the Depths
 51210 | Depths:1 | Received a gift from Trog
 51376 | Depths:1 | Reached XP level 19. HP: 164/164 MP: 20/20
 51588 | Depths:1 | Found a gateway to Hell.
 52064 | Depths:1 | Found a runed translucent gate.
 52064 | Depths:1 | Found a runed translucent gate.
 52065 | Depths:1 | Found a runed translucent gate.
 52066 | Depths:1 | Noticed an ancient lich
 52067 | Depths:1 | Noticed Mehrunes's ghost (adept DjCj)
 52073 | Depths:1 | Noticed a rockslime
 52106 | Depths:1 | Killed a rockslime
 52140 | Depths:1 | Mangled by an ettin

Skill      XL: |  1  2  3  4  5  6  7  8  9 10 11 12 13 14 15 16 17 18 |
---------------+-------------------------------------------------------+-----
Axes           | 3 4 5 6 8 10 11 13 14 16 17 18 | 18.0
Fighting       | 4 5 6 7 8 10 11 12 14 15 16 17 18 | 18.6
Armour         | 4 7 9 11 | 11.8
Shields        | 4 7 9 10 | 10.0
Slings         | 4 7 9 11 | 11.6
Spellcasting   | 1 |  1.0
Dodging        | |  1.5

Action                   |  1- 3 |  4- 6 |  7- 9 | 10-12 | 13-15 | 16-18 | 19-21 || total
-------------------------+-------+-------+-------+-------+-------+-------+-------++-------
Melee: Hand axe          |   141 |   269 |   381 |   186 |       |       |       ||   977
       Dagger            |       |    22 |    60 |       |       |       |       ||    82
       Morningstar       |       |       |    15 |     1 |       |       |       ||    16
       Broad axe         |       |       |       |   760 |  1247 |  1674 |   153 ||  3834
       Demon trident     |       |       |       |       |    84 |       |       ||    84
       War axe           |       |       |       |       |     4 |    78 |       ||    82
       Fustibalus        |       |       |       |       |       |     2 |       ||     2
 Fire: Hunting sling     |       |       |       |     3 |       |       |       ||     3
       Fustibalus        |       |       |       |       |    62 |   329 |    35 ||   426
Throw: Stone             |       |       |    14 |       |       |       |       ||    14
       Tomahawk          |       |       |       |    23 |    57 |    35 |     1 ||   116
Invok: Trog's Hand       |       |     1 |     2 |     6 |     7 |    12 |     1 ||    29
       Brothers in Arms  |       |       |       |     1 |     1 |     1 |       ||     3
 Abil: Evoke Flight      |       |       |       |       |     1 |       |       ||     1
Evoke: Wand              |       |       |       |    14 |    18 |    14 |     4 ||    50
       Phantom mirror    |       |       |       |       |       |     1 |       ||     1
  Use: Scroll            |       |     5 |     1 |    18 |    14 |    27 |       ||    65
 Stab: Paralysed         |       |       |       |       |    18 |       |       ||    18
       Distracted        |       |       |       |       |     1 |     1 |       ||     2
       Confused          |       |       |       |       |     2 |     6 |     2 ||    10
Armor: Animal skin       |    14 |       |       |       |       |       |       ||    14
       Ring mail         |    19 |   107 |    33 |       |       |       |       ||   159
       Chain mail        |       |       |   160 |   173 |   872 |   539 |       ||  1744
       Plate armour      |       |       |       |   348 |       |   602 |    49 ||   999
Dodge: Dodged            |    93 |   168 |   171 |   219 |   320 |   303 |    18 ||  1292
Block: Buckler           |       |       |       |   121 |   215 |   203 |       ||   539
       Medium shield     |       |       |       |       |       |   586 |    57 ||   643
